 Dungeon Crawl Stone Soup version 0.29-a0-40-g8eb35efe60 (webtiles) character file.

Game seed: 5640646653756697560

268 robertstho the Magician (level 6, -8/42 HPs)
             Began as a Djinni Fire Elementalist on Feb 1, 2022.
             Mangled by Duvessa (9 damage)
             ... on level 4 of the Dungeon.
             The game lasted 00:05:20 (4507 turns).

robertstho the Magician (Djinni Fire Elementalist)  Turns: 4507, Time: 00:05:20

Health: -8/42      AC:  3    Str: 10    XL:     6   Next: 45%
Gold:   136        EV: 12    Int: 21    God:
                   SH:  0    Dex: 14

rFire   + + .      SeeInvis .   j - +5 mace "Woskips" {pain, Fragile rN+ Str+3 Int+3}
rCold   x . .      Faith    .   (no shield)
rNeg    + . .      Spirit   .   a - +0 robe
rPois   ∞          Reflect  .   h - +0 helmet
rElec   .          Harm     .   (no cloak)
rCorr   .          Rampage  .   (no gloves)
Will    .....                   (boots unavailable)
Stlth   ++........              (no amulet)
HPRegen 0.14/turn               (no ring)
MPRegen 0.00/turn               (no ring)

@: flying
A: sickness immunity, fire resistance 2, cold vulnerability 1, float, innate
caster, HP casting, extra vitality 1
a: no special abilities


You were on level 4 of the Dungeon.
You visited 1 branch of the dungeon, and saw 4 of its levels.

You collected 136 gold pieces.

Inventory:

Hand Weapons
 d - a +0 dagger
 j - the +5 mace "Woskips" (weapon) {pain, Fragile rN+ Str+3 Int+3}
   (You found it on level 4 of the Dungeon)

   In the hands of one skilled in necromantic magic, it inflicts extra damage on
   living creatures.
   Your inability to study Necromancy prevents you from drawing on the full
   power of this weapon.
   Str:       It affects your strength (+3).
   Int:       It affects your intelligence (+3).
   rN:        It protects you from negative energy.
   Fragile:   It will be destroyed if unequipped.
 l - the +5 mace "Zoidem" {vorpal, rC+ Str+4}
   (You found it on level 4 of the Dungeon)

   It inflicts extra damage upon your enemies.
   Str:       It affects your strength (+4).
   rC:        It protects you from cold.
Armour
 a - a +0 robe (worn)
 h - a +0 helmet (worn)
Scrolls
 e - a scroll of teleportation
Potions
 c - a potion of curing {unknown}
 f - a potion of brilliance {unknown}
 g - 2 potions of haste {unknown}
 i - a potion of ambrosia {unknown}


   Skills:
 * Level 1.5 Fighting
 + Level 2.5 Dodging
 + Level 2.2 Stealth
 * Level 4.7 Spellcasting


You couldn't memorise any spells.
You knew the following spells:

 Your Spells              Type           Power      Damage    Failure   Level
a - Foxfire               Conj/Fire      96%        2x1d8     1%          1
b - Scorch                Fire           48%        2d7       2%          2
c - Conjure Flame         Conj/Fire      24%        6-21      4%          3
d - Inner Flame           Hex/Fire       24%        N/A       4%          3
e - Flame Wave            Conj/Fire      24%        2d7       16%         4
f - Sting                 Tmut/Pois      96%        1d7       1%          1
g - Call Imp              Summ           24%        N/A       2%          2
Your spell library was empty.

Dungeon Overview and Level Annotations

Branches:
Dungeon (4/15)
 Temple: D:4-7

Altars:
Cheibriados
Dithmenos

Annotations:
D:4 4 runed translucent doors, Dowan, Duvessa


Innate Abilities, Weirdness & Mutations

You are immune to sickness and miasma.
You are immune to poison.
Your flesh is very heat resistant. (rF++)
You are vulnerable to cold. (rC-)
You float through the air rather than walking.
You learn spells naturally, not from books.
Your magical power is your life essence.
You have superior vitality. (+4 MHP)


Message History

Duvessa is lightly wounded.
Dowan shouts!
Duvessa drinks a potion.
Duvessa seems to grow stronger.
Dowan points at Duvessa and mumbles some strange words.
Duvessa seems to speed up.
Casting: Sting (safe; 1% risk of failure)
Confirm with . or Enter, or press ? or * to list all spells.
A beastly little devil appears in a puff of frigid air.
Duvessa hits you with a +0 short sword! Duvessa closely misses you.
You swap places.
Duvessa hits your white imp with a +0 short sword!
Your white imp barely misses Duvessa.
Casting: Call Imp (safe; 2% risk of failure)
Confirm with . or Enter, or press ? or * to list all spells.
Flames lash Duvessa.
Duvessa is moderately wounded.
Duvessa's fire resistance burns away.
Duvessa barely misses your white imp.
Duvessa hits your white imp with a +0 short sword!
Your white imp dies!
Your white imp disappears in a puff of smoke!
Duvessa looks more healthy.
Duvessa is no longer more vulnerable to fire.
Dowan says, "Stay away from my face!"
Duvessa closely misses you.
There is an open door here.
Casting: Scorch (safe; 2% risk of failure)
Confirm with . or Enter, or press ? or * to list all spells.
Flames lash Duvessa.
Duvessa is heavily wounded.
Duvessa's fire resistance burns away.
Duvessa barely misses you.
Duvessa hits you with a +0 short sword!!
* * * LOW HITPOINT WARNING * * *
Okay, then.
As you read the scroll labelled SOYRENO SUMM, it crumbles to dust.
The creatures around you are filled with an inner flame!
It was a scroll of immolation.
Duvessa hits you but does no damage.
As you read the scroll labelled VASYUK ZAOKH, it crumbles to dust.
It is a scroll of amnesia.
You feel forgetful for a moment. Duvessa hits you with a +0 short sword!
You die...

..#####♣♣P.♣♣♣♣.♣.♣
..'.....♣♣P♣♣♣..♣.♣
.>......♣♣
..#######♣♣♣♣...♣.♣
........♣♣ ..#
#####......#.#####..........
..#
#..........#.....#.........
### #..........##....#..
....) #.........###....#..
..e
♣#####.........###....#.#
#<#
♣...[...........@ee...#.#
#.#
######.........###._§§#.#
#.# #.............#
#§§§.#.####e#
♣#.#######.....#
##e###......# ♣#.# #.....#
#..##.###### ♣♣.# #.....#
##........... .♣.# #.....#
#..#......#. ...# #######
##.#....#.# #### #...#### #


You could see Duvessa (fast, inner flame, strong, combustible) and Dowan (inner
flame).

Vanquished Creatures
  A centaur (D:4)
  An orc wizard (D:4)
  A gnoll (D:1)
  8 adders
  A white imp (D:4)
  5 orcs
  6 ball pythons
  5 endoplasms
  5 giant cockroaches
  10 goblins
  4 hobgoblins
  9 jackals
  4 quokkas
  2 bats (D:3)
  A frilled lizard (D:1)
  4 kobolds
  5 rats
72 creatures vanquished.

Vanquished Creatures (collateral kills)
  2 foxfires (D:1)
2 creatures vanquished.

Vanquished Creatures (others)
  208 foxfires
  2 fungi (D:1)
  8 plants (D:4)
218 creatures vanquished.

Grand Total: 292 creatures vanquished

Notes
Turn   | Place    | Note
-------+----------+-------------------------------------------
     0 | D:1      | robertstho the Djinni Fire Elementalist began the quest for
                  | the Orb.
     0 | D:1      | Reached XP level 1. HP: 15/15 MP: 0/0
   220 | D:1      | Reached XP level 2. HP: 16/21 MP: 0/0
   424 | D:1      | Reached skill level 3 in Spellcasting
   658 | D:1      | Found a faded altar of an unknown god.
   712 | D:1      | Reached XP level 3. HP: 18/25 MP: 0/0
   712 | D:1      | Learned a level 1 spell: Sting
  1522 | D:2      | Reached XP level 4. HP: 29/31 MP: 0/0
  1715 | D:2      | Reached skill level 1 in Fighting
  2410 | D:3      | Found a snail-covered altar of Cheibriados.
  2588 | D:3      | Reached XP level 5. HP: 35/37 MP: 0/0
  2588 | D:3      | Learned a level 2 spell: Call Imp
  3237 | D:4      | Found a large runed translucent door.
  3237 | D:4      | Found a large runed translucent door.
  3237 | D:4      | Noticed an ice beast
  3243 | D:4      | Found a large runed translucent door.
  3243 | D:4      | Found a large runed translucent door.
  3259 | D:4      | Reached skill level 4 in Spellcasting
  3549 | D:4      | Found a shadowy altar of Dithmenos.
  3668 | D:4      | Noticed Dowan
  4123 | D:4      | Identified the +5 mace "Woskips" {pain, Fragile rN+ Str+3
                  | Int+3}
  4185 | D:4      | Reached XP level 6. HP: 36/42 MP: 0/0
  4333 | D:4      | Identified the +5 mace "Zoidem" {vorpal, rC+ Str+4}
  4491 | D:4      | Noticed Duvessa
  4505 | D:4      | HP: 1/42 [Duvessa (18)]
  4507 | D:4      | Mangled by Duvessa

Illustrated notes

Levels and vault maps discovered:
D:1:      erik_arrival_blinker_ship, layout_basic,
          shapermc_ecumenical_altar_hornbeckon, nicolae_grassy_gnolls
D:2:      layout_rooms
D:3:      layout_loops_ring, old_standard_altar
D:4:      layout_basic, grunt_dithmenos_smoke, serial_forest,
          infiniplex_forest_join, infiniplex_forest_clump_curved,
          infiniplex_forest_3_way, infiniplex_forest_straight_2,
          infiniplex_forest_clump_medium, infiniplex_forest_end_2,
          minmay_hollow_rounded_squares, uniq_duvessa

Skill      XL: |  1  2  3  4  5 |
---------------+----------------+-----
Spellcasting   | 3 4 |  4.7
Fighting       | 1 |  1.5
Stealth        | 2 |  2.2
Dodging        | |  2.5

Action                   |  1- 3 |  4- 6 || total
-------------------------+-------+-------++-------
 Cast: Foxfire           |    65 |    66 ||   131
       Scorch            |     3 |    41 ||    44
       Sting             |       |     3 ||     3
       Call Imp          |       |     1 ||     1
  Use: Scroll            |       |     5 ||     5
Armor: Robe              |     2 |     3 ||     5
Dodge: Dodged            |    12 |    16 ||    28

Table legend: (Time is in decaauts)
 A = Elapsed time spent in this place.
 B = Non-inter-level travel time spent in this place.
 C = Inter-level travel time spent in this place.
 D = Time resting spent in this place.
 E = Time spent auto-exploring this place.
 F = Levels seen in this place.
 G = Mean time per level.
                   A        B        C        D        E       F      G
               +--------+--------+--------+--------+--------+-----+--------+
         Total |   4507 |   4386 |    121 |    405 |   3512 |   4 | 1126.8 |
       Dungeon |   4507 |   4386 |    121 |    405 |   3512 |   4 | 1126.8 |
               +--------+--------+--------+--------+--------+-----+--------+

Top non-repeatable levels by time:
     D:1: 1419 daAuts
     D:4: 1258 daAuts
     D:3: 1115 daAuts
     D:2: 714 daAuts
